 Dungeon Crawl Stone Soup version 0.28.0-43-g3370ac3207 (webtiles) character file.

Game seed: 6819734501604575519

7849 croobank the Evangelist (level 11, -1/86 HPs)
             Began as a Hill Orc Fighter on Mar 13, 2022.
             Was an Elder of Beogh.
             Slain by an orc warrior
             ... wielding a +0 halberd
              (12 damage)
             ... on level 10 of the Dungeon.
             The game lasted 00:43:57 (9468 turns).

croobank the Evangelist (Hill Orc Fighter)          Turns: 9468, Time: 00:43:57

Health: -1/86      AC: 15    Str: 28    XL:     11   Next: 21%
Magic:  20/20      EV: 12    Int: 11    God:    Beogh [****..]
Gold:   542        SH:  4    Dex: 10    Spells: 10/10 levels left

rFire   . . .      SeeInvis .   a - +11 spear "Upnyim" {flame, *Slow Str+4 Int+3}
rCold   + . .      Faith    .   c - +0 buckler
rNeg    . . .      Spirit   .   W - +1 shadow dragon scales
rPois   .          Reflect  .   P - +0 helmet
rElec   .          Harm     .   (no cloak)
rCorr   .          Rampage  .   i - +0 pair of gloves
Will    .....                   (no boots)
Stlth   ++........              (no amulet)
HPRegen 0.24/turn               g - ring of protection from cold
MPRegen 0.17/turn               r - +4 ring of evasion

@: no status effects
A: no striking features
a: Renounce Religion, Smiting, Recall Orcish Followers


You were on level 10 of the Dungeon.
You worshipped Beogh.
Beogh was greatly pleased with you.
You visited 1 branch of the dungeon, and saw 10 of its levels.
You also visited: Bailey.

You collected 692 gold pieces.
You spent 150 gold pieces at shops.

Inventory:

Hand Weapons
 a - the +11 spear "Upnyim" (weapon) {flame, *Slow Str+4 Int+3}
   (You found it on level 3 of the Dungeon)

   It burns those it strikes, dealing additional fire damage.
   Str:       It affects your strength (+4).
   Int:       It affects your intelligence (+3).
   *Slow:     It may slow you when you take damage.
 b - a +0 hunting sling
 d - a +0 dire flail
 j - a +1 dagger of holy wrath
 p - a +0 dagger of electrocution
 s - a +0 glaive
 w - a +0 dagger of holy wrath
 x - a +2 dagger of speed
 G - the +9 short sword of the Skies Above {speed, *Noise rPois Dex+4}
   (You found it on level 4 of the Dungeon)

   Attacks with this weapon are significantly faster.
   Dex:       It affects your dexterity (+4).
   rPois:     It protects you from poison.
   *Noise:    It may make noises in combat.
 N - a +4 vorpal executioner's axe
 O - a +0 long sword
 R - a +3 scimitar
 V - a +0 great sword
Missiles
 e - 3 poisoned darts (quivered)
 h - 284 stones
 o - 111 arrows
 A - 9 boomerangs
 I - 74 bolts
 Q - 6 sling bullets
 S - 19 javelins
Armour
 c - a +0 buckler (worn)
 i - a +0 pair of gloves (worn)
 H - a +3 plate armour
 P - a +0 helmet (worn)
 W - +1 shadow dragon scales (worn)
Jewellery
 g - a ring of protection from cold (left hand)
 r - a +4 ring of evasion (right hand)
 K - a ring of wizardry
 M - a ring of poison resistance
Wands
 y - a wand of acid (11)
 B - a wand of iceblast (8)
 C - a wand of paralysis (6)
 D - a wand of polymorph (10)
Scrolls
 f - 5 scrolls of teleportation
 m - 2 scrolls of blinking
 L - a scroll of torment {unknown}
 T - a scroll of amnesia
 Y - a scroll of identify
 Z - a scroll of immolation {unknown}
Potions
 k - a potion of attraction {unknown}
 n - a potion of invisibility {unknown}
 q - a potion of heal wounds
 t - a potion of mutation {unknown}
 z - 2 potions of curing
 E - 2 potions of brilliance {unknown}
 F - a potion of lignification {unknown}
 J - 2 potions of haste
 U - a potion of flight {unknown}
 X - a potion of resistance {unknown}


   Skills:
 - Level 5.0 Fighting
 - Level 3.7 Short Blades
 + Level 10.7(13.1) Axes
 - Level 10.2(11.7) Polearms
 - Level 4.6 Armour
 - Level 4.6 Shields
 - Level 12.6 Invocations


You had 10 spell levels left.
You didn't know any spells.
Your spell library contained the following spells:

 Spells                   Type           Power      Damage    Failure   Level
 Beastly Appendage        Tmut           0%         N/A       94%         1
 Foxfire                  Conj/Fire      0%         2x1d4     94%         1
 Pain                     Necr           0%         1d4       94%         1
 Ensorcelled Hibernation  Hex/Ice        0%         N/A       98%         2
 Passwall                 Tmut/Erth      0%         N/A       98%         2
 Wereblood                Tmut           0%         N/A       98%         2
 Conjure Flame            Conj/Fire      0%         6-21      100%        3
 Inner Flame              Hex/Fire       0%         N/A       100%        3
 Spider Form              Tmut/Pois      0%         N/A       100%        3
 Stone Arrow              Conj/Erth      0%         3d7       100%        3
 Swiftness                Air            0%         N/A       100%        3
 Animate Armour           Summ/Erth      0%         N/A       100%        4
 Flame Wave               Conj/Fire      0%         2d4       100%        4
 Agony                    Necr           0%         N/A       100%        5
 Excruciating Wounds      Necr           0%         N/A       100%        5
 Lehudib's Crystal Spear  Conj/Erth      0%         10d2      100%        8


Dungeon Overview and Level Annotations

Branches:
Dungeon (10/15)            Temple (0/1) D:6             Orc (0/2) D:10
 Bailey (visited)
   Lair: D:8-11

Altars:
Elyvilon
Fedhas
Hepliaklqana
Qazlal
Ru
Sif Muna
Uskayaw
Wu Jian
Yredelemnul

Shops:
D:8 !

Annotations:
D:9 1 runed translucent door, KittyFluff's ghost, novice GrBe


Message History

You barely miss Urug.
Urug is severely wounded.
The orc warrior closely misses you.
You hit Urug but do no damage.
Urug is severely wounded.
Your orc hits Urug from afar with a +0 trident.
Urug hits you with a +4 great sword!
* * * LOW HITPOINT WARNING * * *
You feel much better.
The orc warrior hits you but does no damage.
Borgoth unwields a +1 arbalest.
Borgoth wields a +0 halberd.
Borgoth barely misses Urug.
Your orc hits Urug from afar with a +0 trident.
Urug hits you with a +4 great sword!!
* * * LOW HITPOINT WARNING * * *
Your orc warrior closely misses Urug.
You swap places.
The orc warrior hits you with a +0 halberd.
* * * LOW HITPOINT WARNING * * *
Borgoth hits Urug with a +0 halberd!
Your orc hits Urug from afar with a +0 trident.
Urug hits Borgoth with a +4 great sword!!
Your orc warrior barely misses Urug.
There is an open door, spattered with blood here.
Things that are here:
a +0 dagger; a +0 leather armour; an orc corpse You swap places.
The orc warrior hits you from afar with a +0 halberd.
* * * LOW HITPOINT WARNING * * *
Borgoth hits Urug with a +0 halberd!!
Urug dies!
Beogh accepts your kill.
Borgoth looks more experienced.
Your orc barely misses the orc warrior.
Your orc wizard hits the orc warrior but does no damage.
Your orc warrior closely misses the orc warrior.
An orc warrior is nearby!
The orc warrior hits you from afar with a +0 halberd!
You die...
Beogh appreciates the orc warrior's killing of a heretic priest.

#.......# #.......#
#.......# +.......#
#.......# #....o>)+
#....ooo# ######o##
##### #@# ..._##
#.## .....# #..#
.....# #########'##
.....# #..........#
.....#
#..........########
.....+
#.........>'.......
.....#
+..........#######.
.....# #..........#


You could see an orc warrior (ally target), the friendly Borgoth the orc knight,
a friendly orc warrior (strong), a friendly orc wizard (strong, invisible) and a
friendly orc (strong).

Vanquished Creatures
  A two-headed ogre (D:6)
  A troll (D:6)
  A hornet (D:8)
  A wyvern (D:8)
  A wraith (D:10)
  6 yaks
  A steam dragon (D:9)
  2 acid dragons
  A water moccasin (D:7)
  9 orc warriors
  2 ogres (D:5)
  A necrophage (D:7)
  8 centaurs
  5 bullfrogs
  5 scorpions
  2 wyvern skeletons
  2 water moccasin zombies
  2 water moccasin skeletons
  7 killer bees (D:8)
  2 wights (D:8)
  2 howler monkeys (D:6)
  A centaur zombie (D:6)
  5 jellies
  A bullfrog skeleton (D:6)
  A gnoll shaman (D:4)
  4 hounds
  2 orc priests
  Ijyb (D:3)
  7 orc wizards
  2 hound skeletons (D:5)
  Robin (D:3)
  A howler monkey zombie (D:6)
  11 gnolls
  7 adders
  2 shadow imps
  A white imp (D:6)
  An ufetubus (D:5)
  An adder skeleton (D:4)
  2 dart slugs
  38 orcs
  4 bats
  4 endoplasms
  4 giant cockroaches
  15 hobgoblins
  5 jackals
  4 kobolds
  A quokka (D:1)
  6 ball pythons
  A frilled lizard (D:3)
  15 goblins
  5 rats
  A spectral orc (D:5)
216 creatures vanquished.

Vanquished Creatures (collateral kills)
  Urug (D:10)
  A wraith (D:9)
  2 yaks
  A water moccasin (D:9)
  2 orc warriors (D:8)
  5 centaurs (Bailey)
  2 gnoll sergeants (D:9)
  A wight (D:8)
  2 centaur zombies
  An orc priest (D:8)
  An orc wizard (D:8)
  3 gnolls (D:9)
  3 orcs
25 creatures vanquished.

Vanquished Creatures (others)
  An orc warrior (Bailey)
  An orc wizard (D:3)
  6 orcs
  A fungus (D:9)
  4 plants (D:9)
13 creatures vanquished.

Grand Total: 254 creatures vanquished

Notes
Turn   | Place    | Note
-------+----------+-------------------------------------------
     0 | D:1      | croobank the Hill Orc Fighter began the quest for the Orb.
     0 | D:1      | Reached XP level 1. HP: 19/19 MP: 1/1
   220 | D:1      | Reached XP level 2. HP: 26/27 MP: 2/2
   539 | D:1      | Reached XP level 3. HP: 27/33 MP: 3/3
   982 | D:2      | Found a faded altar of an unknown god.
  1114 | D:2      | Noticed a scorpion
  1120 | D:2      | Killed a scorpion
  1121 | D:2      | Reached XP level 4. HP: 34/41 MP: 4/4
  1260 | D:2      | Reached XP level 5. HP: 47/47 MP: 5/5
  1479 | D:3      | Identified the +2 robe of the Hippo {Int-5 Dex+3 Archmagi}
  1786 | D:3      | Noticed Robin
  1804 | D:3      | Killed Robin
  2077 | D:3      | Noticed Ijyb
  2085 | D:3      | Became a worshipper of Beogh the Brigand
  2088 | D:3      | Killed Ijyb
  2089 | D:3      | Reached skill level 5 in Fighting
  2089 | D:3      | Reached XP level 6. HP: 31/56 MP: 6/6
  2282 | D:3      | Identified the +11 spear "Upnyim" {flame, *Slow Str+4
                  | Int+3}
  2364 | D:3      | Found a blossoming altar of Fedhas.
  2508 | D:4      | Reached skill level 1 in Polearms
  2813 | D:4      | Identified the +9 short sword of the Skies Above {speed,
                  | *Noise rPois Dex+4}
  2868 | D:4      | Reached skill level 1 in Invocations
  2875 | D:4      | Reached skill level 1 in Short Blades
  2959 | D:4      | Reached XP level 7. HP: 60/61 MP: 8/8
  2966 | D:4      | Reached skill level 2 in Invocations
  3436 | D:5      | Entered Level 5 of the Dungeon
  3489 | D:5      | Reached skill level 3 in Invocations
  3574 | D:5      | Found a basalt altar of Yredelemnul.
  3579 | D:5      | Reached * piety under Beogh
  3637 | D:5      | Reached skill level 4 in Invocations
  3924 | D:5      | Found a hide-covered altar of Uskayaw.
  3934 | D:5      | Reached skill level 5 in Invocations
  3934 | D:5      | Reached XP level 8. HP: 63/68 MP: 11/11
  4350 | D:6      | Reached skill level 6 in Invocations
  4368 | D:6      | Found a white marble altar of Elyvilon.
  4427 | D:6      | Reached skill level 7 in Invocations
  4492 | D:6      | Reached skill level 5 in Polearms
  4585 | D:6      | Found a staircase to the Ecumenical Temple.
  4621 | D:6      | Found a white marble altar of Elyvilon.
  4621 | D:6      | Noticed a two-headed ogre
  4633 | D:6      | Killed a two-headed ogre
  4634 | D:6      | Reached skill level 9 in Invocations
  4634 | D:6      | Reached XP level 9. HP: 74/74 MP: 13/15
  4819 | D:6      | Found a hazy altar of Hepliaklqana.
  5110 | D:6      | Noticed a troll
  5121 | D:6      | Killed a troll
  5291 | D:6      | Reached skill level 10 in Invocations
  5447 | D:7      | Reached ** piety under Beogh
  6102 | D:8      | Reached skill level 11 in Invocations
  6102 | D:8      | Reached XP level 10. HP: 68/81 MP: 18/18
  6159 | D:8      | Found a flagged portal.
  6181 | Bailey   | Entered a bailey
  6560 | Bailey   | Reached skill level 12 in Invocations
  6745 | Bailey   | Reached *** piety under Beogh
  6774 | Bailey   | Reached skill level 10 in Polearms
  6787 | Bailey   | Gained Syrus as an ally
  6799 | Bailey   | Your ally Syrus died
  7546 | D:8      | Reached skill level 5 in Axes
  7611 | D:8      | Gained Borgoth as an ally
  7710 | D:8      | Found Eshet's Distillery.
  7764 | D:8      | Bought a potion of heal wounds for 50 gold pieces
  7764 | D:8      | Bought a potion of haste for 100 gold pieces
  7823 | D:8      | Found an ornate altar of the Wu Jian Council.
  8837 | D:9      | Reached XP level 11. HP: 86/86 MP: 20/20
  8931 | D:9      | Found a runed translucent door.
  8932 | D:9      | Identified the +5 trident "Xawicuh" {speed, Str+4 Dex+2}
  8932 | D:9      | Noticed KittyFluff's ghost (novice GrBe)
  9018 | D:9      | Reached skill level 10 in Axes
  9143 | D:9      | Found a sacrificial altar of Ru.
  9197 | D:9      | Found a stormy altar of Qazlal.
  9375 | D:10     | Entered Level 10 of the Dungeon
  9375 | D:10     | Found a shimmering blue altar of Sif Muna.
  9389 | D:10     | Found a staircase to the Orcish Mines.
  9455 | D:10     | Noticed Urug
  9456 | D:10     | Reached **** piety under Beogh
  9467 | D:10     | Killed Urug
  9468 | D:10     | Slain by an orc warrior

Illustrated notes

Levels and vault maps discovered:
D:1:      minmay_arrival_stair_chambers, layout_rooms, minivault_24,
          chequers_serial_rivers_marsh
D:2:      layout_basic, ebering_ecumenical_altar_rust
D:3:      layout_loops_ring, marbit_many_paths, uniq_ijyb, uniq_robin
D:4:      layout_loops_ring
D:5:      layout_rooms, yredelemnul_forgotten_temple_becter,
          nicolae_overflow_crystal_walls
D:6:      minmay_razor_zed, layout_loops_ring, old_standard_altar,
          minmay_temple_entry_enclosed_plants, grunt_ministairs_1,
          hangedman_feature_mirror
D:7:      layout_rooms, kennysheep_minor_cross
D:8:      layout_layer_cave, mainiacjoe_overflow_alcove_2, serial_shops, shop,
          enter_bailey_5
D:9:      layout_rooms, old_standard_altar,
          mainiacjoe_overflow_concentric_impassable, ebering_ghost_funeral_grove
D:10:     layout_roguey, overflow_temple_1_default, orc_0_dummy, uniq_harold,
          uniq_urug

Skill      XL: |  1  2  3  4  5  6  7  8  9 10 11 |
---------------+----------------------------------+-----
Axes           | 3 4 8 10 | 10.7
Fighting       | 4 5 |  5.0
Armour         | 4 |  4.6
Shields        | 4 |  4.6
Polearms       | 2 7 8 10 | 10.2
Invocations    | 1 5 9 11 12 | 12.6
Short Blades   | 1 3 |  3.7

Action                   |  1- 3 |  4- 6 |  7- 9 | 10-12 || total
-------------------------+-------+-------+-------+-------++-------
Melee: War axe           |    80 |    91 |       |       ||   171
       Short sword       |       |    22 |    64 |       ||    86
       Spear             |       |    14 |   131 |   208 ||   353
       Dagger            |       |     4 |     6 |       ||    10
Throw: Dart              |     2 |       |     4 |     6 ||    12
       Boomerang         |       |       |    13 |     1 ||    14
       Javelin           |       |       |       |    19 ||    19
       Throwing net      |       |       |       |     1 ||     1
Invok: Convert to Beogh  |       |     1 |       |       ||     1
Evoke: Wand              |       |       |       |     1 ||     1
  Use: Scroll            |       |       |    11 |     5 ||    16
       Potion            |       |       |     1 |     4 ||     5
Armor: Scale mail        |    41 |     8 |       |       ||    49
       Chain mail        |       |    25 |    41 |    17 ||    83
       Plate armour      |       |       |       |    33 ||    33
       Shadow dragon sca |       |       |       |     4 ||     4
Dodge: Dodged            |    37 |    73 |    61 |    95 ||   266
Block: Buckler           |    14 |    36 |    34 |    21 ||   105
